 Dungeon Crawl Stone Soup version 0.29-a0-320-g9f8742066b (webtiles) character file.

Game seed: 15980299637446709113

2 sokol815 the Vexing (level 1, -2/13 HPs)
             Began as a Gnoll Wanderer on Apr 3, 2022.
             Killed from afar by a dart slug (6 damage)
             ... with a slug dart
             ... on level 1 of the Dungeon.
             The game lasted 00:01:06 (122 turns).

sokol815 the Vexing (Gnoll Wanderer)                 Turns: 122, Time: 00:01:06

Health: -2/13      AC:  2    Str:  8    XL:     1   Next: 40%
Magic:  2/6        EV: 12    Int: 15    God:
Gold:   0          SH:  0    Dex: 10    Spells: 7/9 levels left

rFire   . . .      SeeInvis .   a - +0 dagger
rCold   . . .      Faith    .   (no shield)
rNeg    . . .      Spirit   .   c - +0 robe
rPois   .          Reflect  .   (no helmet)
rElec   .          Harm     .   (no cloak)
rCorr   .          Rampage  .   (no gloves)
Will    .....                   (no boots)
Stlth   +.........              (no amulet)
HPRegen 0.04/turn               (no ring)
MPRegen 0.10/turn               (no ring)

@: no status effects
A: fangs 1, strong nose, distributed training
a: no special abilities


You were on level 1 of the Dungeon.
You visited 1 branch of the dungeon, and saw 1 of its levels.

Inventory:

Hand Weapons
 a - a +0 dagger (weapon)
Armour
 c - a +0 robe (worn)
Scrolls
 b - a scroll of enchant weapon {unknown}
 e - a scroll of identify {unknown}
 V - a scroll of vulnerability {!r!r}
Miscellaneous
 d - a piece from Xom's chessboard (15/15)


   Skills:
 + Level 0.0 Fighting
 + Level 0.0 Short Blades
 + Level 0.0 Long Blades
 + Level 0.0 Axes
 + Level 0.0 Maces & Flails
 + Level 0.0 Polearms
 + Level 0.0 Staves
 + Level 0.0 Slings
 + Level 0.0 Bows
 + Level 0.0 Crossbows
 + Level 0.0 Throwing
 + Level 0.0 Armour
 + Level 2.3 Dodging
 + Level 0.0 Stealth
 + Level 0.0 Shields
 + Level 0.0 Unarmed Combat
 + Level 4.8 Spellcasting
 + Level 0.0 Conjurations
 + Level 7.0 Hexes
 + Level 0.0 Summonings
 + Level 3.6 Necromancy
 + Level 0.0 Translocations
 + Level 0.0 Transmutations
 + Level 0.0 Fire Magic
 + Level 0.0 Ice Magic
 + Level 0.0 Air Magic
 + Level 0.0 Earth Magic
 + Level 0.0 Poison Magic
 + Level 0.1 Invocations
 + Level 2.3 Evocations


You had 7 spell levels left.
You knew the following spells:

 Your Spells              Type           Power      Damage    Failure   Level
a - Pain                  Necr           56%        1d6       3%          1
s - Slow                  Hex            96%        N/A       1%          1

Your spell library contained the following spells:

 Spells                   Type           Power      Damage    Failure   Level
 Tukima's Dance           Hex            24%        N/A       2%          3
 Vampiric Draining        Necr           14%        2d7       11%         3
 Dazzling Flash           Conj/Hex       28%        N/A       12%         3


Dungeon Overview and Level Annotations

Branches:
Dungeon (1/15)

Altars:


Innate Abilities, Weirdness & Mutations

You have very sharp teeth.
Your uncanny sense of smell can sniff out nearby items.
Your experience applies equally to all skills.


Message History

Welcome, sokol815 the Gnoll Wanderer.
They say the Orb of Zot lies within this dungeon, but they say a lot of things.
Found a staircase leading out of the dungeon.
You begin with the following items: a +0 dagger, a +0 robe, a piece from Xom's chessboard (15/15), a scroll of vulnerability {!r!r}; and the following spells available to memorise: Slow, Tukima's Dance, Pain, Vampiric Draining, Dazzling Flash.
You don't know any spells.
Okay, then.
You don't know any spells.
Okay, then.
You don't know any spells.
Memorise Pain, consuming 1 spell level and leaving 8?
You start memorising the spell.
You continue memorising.
You finish memorising.
Spell assigned to 'a'.
Memorise Slow, consuming 1 spell level and leaving 7?
You start memorising the spell.
You continue memorising.
You finish memorising.
Spell assigned to 's'.
You open the door.
There is an open door here.
You open the door.
There is an open door here.
You open the door.
There is an open door here.
You open the door.
There is an open door here.
You open the door.
There is an open door here.
You open the door.
There is an open door here.
You open the door.
There is an open door here.
You open the door.
There is an open door here.
You open the door.
There is an open door here.
You open the door.
There is an open door here.
You open the door.
There is an open door here.
There is an open door here.
You open the door.
There is an open door here.
b - a scroll labelled NUUBICR ICOVUOT
e - a scroll labelled MARRESA TIEDUA A bat, a dart slug and a hobgoblin come into view.
The hobgoblin shouts!
The dart slug launches a dart at you. The slug dart misses you.
You barely miss the bat. Your bite misses the bat. The bat hits you.
You take 1 damage, and have 12/13 hp.
You closely miss the hobgoblin. The hobgoblin hits you.
You take 3 damage, and have 9/13 hp.
MASSIVE DAMAGE!!
Aim: a hobgoblin (chance to affect: 84%)
The hobgoblin writhes in agony.
The hobgoblin hits you but does no damage.
You take 1 damage, and have 8/13 hp.
You now have 5/6 mp.
Aim: a hobgoblin (lightly wounded, chance to affect: 84%)
The hobgoblin barely resists.
The hobgoblin completely misses you.
You take 1 damage, and have 7/13 hp.
You now have 4/6 mp.
Aim: a hobgoblin (lightly wounded, chance to affect: 84%)
The hobgoblin barely resists.
The hobgoblin misses you.
You take 1 damage, and have 6/13 hp.
You now have 3/6 mp.
Aim: a hobgoblin (lightly wounded, chance to affect: 84%)
The hobgoblin writhes in agony.
You kill the hobgoblin!
The bat misses you. The bat hits you.
You take 2 damage, and have 4/13 hp.
You now have 2/6 mp.
You hit the bat. The bat closely misses you. The bat misses you.
You hit the bat.
You kill the bat!
The dart slug launches a dart at you. The slug dart misses you.
Things that are here:
a bat corpse; a hobgoblin corpse You hit the dart slug but do no damage.
The dart slug launches a dart at you. The slug dart hits you.
You die...

#+# .... ### #.#
#### ..# #.# #.# #
##.## #.#.# ##...##
#.###.#.#
#.....#######
#.......#
#............
#.#####.#.#########
#w@.....###
#########


You could see a dart slug.

Vanquished Creatures
  A bat (D:1)
  A hobgoblin (D:1)
2 creatures vanquished.

Notes
Turn   | Place    | Note
-------+----------+-------------------------------------------
     0 | D:1      | sokol815 the Gnoll Wanderer began the quest for the Orb.
     0 | D:1      | sokol815 set off with the following items: a +0 dagger, a
                  | +0 robe, a piece from Xom's chessboard (15/15), a scroll of
                  | vulnerability {!r!r}; and the following spells available to
                  | memorise: Slow, Tukima's Dance, Pain, Vampiric Draining,
                  | Dazzling Flash
     0 | D:1      | Reached XP level 1. HP: 13/13 MP: 6/6
     2 | D:1      | Learned a level 1 spell: Pain
     4 | D:1      | Learned a level 1 spell: Slow
   122 | D:1      | Killed from afar by a dart slug

Illustrated notes

Levels and vault maps discovered:
D:1:      co_arrival_random_square_maze, layout_loops_corners,
          kennysheep_decorative_pillar

Action                   || total
-------------------------++-------
Melee: Dagger            ||     5
 Cast: Pain              ||     4
Armor: Robe              ||     1
Dodge: Dodged            ||     7

Table legend: (Time is in decaauts)
 A = Elapsed time spent in this place.
 B = Non-inter-level travel time spent in this place.
 C = Inter-level travel time spent in this place.
 D = Time resting spent in this place.
 E = Time spent auto-exploring this place.
 F = Levels seen in this place.
 G = Mean time per level.
                   A        B        C        D        E       F      G
               +--------+--------+--------+--------+--------+-----+--------+
         Total |    122 |    122 |      0 |      0 |    101 |   1 |  122.0 |
       Dungeon |    122 |    122 |      0 |      0 |    101 |   1 |  122.0 |
               +--------+--------+--------+--------+--------+-----+--------+

Top non-repeatable levels by time:
     D:1: 122 daAuts

Table legend:
 A = Kills in this place as a percentage of kills in entire the game.
 B = Kills by you in this place as a percentage of kills by you in the entire game.
 C = Kills by friends in this place as a percentage of kills by friends in the entire game.
 D = Other kills in this place as a percentage of other kills in the entire game.
 E = Experience gained in this place as a percentage of experience gained in the entire game.
 F = Experience gained in this place divided by the number of levels of this place that you have seen.
                   A       B       C       D       E      F
               +-------+-------+-------+-------+-------+----------------------
         Total | 100.0 | 100.0 |   N/A |   N/A | 100.0 |   4.0
       Dungeon | 100.0 | 100.0 |   N/A |   N/A | 100.0 |   4.0
               +-------+-------+-------+-------+-------+----------------------
